Map: Orbital Shipyard

Players

Javert - Winner!

  • Race: Zerg Zerg
  • League: Gold

Niveocerus

  • Race: Protoss Protoss
  • League: Gold

VOD

Have the link to the VOD?

Description

Time

  • Played on: Sept. 28, 2015, 10:56 p.m.
  • Length: 12:20
Show
View Real Time Build Order
Export as new Build Order

Javert Zerg - Winner!

Build Orders: 3 Hatch before Pool 

Get SALT Encoding   

  12  0:01  Drone  
  13  0:14  Overlord  
  13  0:19  Drone  
  14  0:33  Drone x2  
  16  0:41  Drone  
  17  0:58  Hatchery  
  17  1:00  Drone  
  17  1:09  Drone  
  18  1:15  Extractor  
  18  1:17  Drone  
  18  1:31  Hatchery  
  18  1:39  Extractor  
  17  1:40  Drone  
  18  1:50  Spawning Pool  
  18  1:53  Extractor  
  16  2:00  Drone x3  
  19  2:18  Drone x2  
  21  2:24  Drone  
  21  2:29  Overlord  
  22  2:35  Overlord  
  22  2:37  Drone  
  22  2:39  Queen  
  25  2:45  Queen  
  27  2:53  Queen  
  29  3:05  Metabolic Boost  
  29  3:11  Drone x5  
  34  3:30  Drone x7  
  41  3:35  Overlord  
  41  3:39  Zergling x2  
  42  3:48  Zergling x2  
  42  3:49  Zergling x4  
  44  4:10  Zergling x2  
  44  4:11  Zergling x10  
  44  4:13  Drone x4  
  44  4:14  Drone x2  
  56  4:34  Overlord x2  
  56  4:36  Drone x2  
  57  4:40  Drone  
  57  4:49  Drone x2  
  57  4:50  Overlord  
  55  5:00  Overlord  
  51  5:07  Overlord x2, Extractor  
  51  5:09  Drone  
  51  5:10  Drone x10  
  61  5:25  Spine Crawler  
  61  5:26  Spine Crawler  
  61  5:27  Spine Crawler  
  58  5:29  Roach Warren  
  58  5:31  Zergling x2  
  58  5:32  Zergling x16  
  66  5:39  Overlord x2, Extractor  
  66  5:40  Extractor  
  64  5:44  Zergling x6  
  64  5:45  Zergling x8  
  71  5:50  Zergling x4  
  71  5:53  Overlord  
  73  6:06  Zergling x6  
  76  6:13  Drone  
  76  6:14  Drone x9  
  85  6:34  Lair  
  85  6:35  Drone  
  85  6:36  Drone x6  
  92  6:42  Extractor  
  92  6:44  Spore Crawler  
  92  6:45  Drone x2  
  92  6:46  Drone x7  
  99  7:09  Drone x3  
  99  7:10  Evolution Chamber, Drone x5  
  99  7:11  Evolution Chamber, Overlord x2  
  99  7:12  Extractor  
  104  7:34  Glial Reconstitution  
  104  7:37  Roach x10  
  124  7:45  Zerg Missile Weapons Level 1, Zerg Ground Armor Level 1  
  124  7:47  Hydralisk Den  
  123  7:54  Spore Crawler  
  123  7:56  Roach  
  123  7:57  Roach x11  
  146  7:59  Overlord x3  
  146  8:03  Hatchery  
  145  8:06  Overseer x2  
  145  8:12  Overlord x2  
  145  8:13  Overlord  
  145  8:20  Muscular Augments  
  145  8:25  Hydralisk x8  
  161  8:31  Overlord x3  
  161  8:32  Overlord  
  161  8:34  Overseer  
  161  8:38  Hydralisk x4  
  161  8:39  Extractor  
  161  8:40  Hatchery, Extractor  
  166  8:51  Hydralisk x5  
  124  9:41  Roach x4  
  124  9:42  Roach x19  
  161  9:45  Zergling x2  
  161  9:46  Zergling x2  
  161  9:49  Overseer  
  161  9:50  Overseer x4  
  163  9:54  Zerg Missile Weapons Level 2  
  163  10:00  Zergling x2  
  163  10:01  Zergling x8  
  163  10:05  Queen  
  158  10:24  Zergling x22  
  158  10:25  Zergling x6  
  172  10:29  Lurker Den  
  172  10:43  Infestation Pit  
  172  10:49  Hydralisk x12  
  189  11:05  Overlord  
  162  11:48  Hydralisk  
  162  11:49  Hydralisk x9  
  162  11:50  Hydralisk x9  
Show
View Real Time Build Order
Export as new Build Order

Niveocerus Protoss 

Build Orders: Nexus First 

Get SALT Encoding   

  12  0:00  Probe (Chrono Boost)  
  13  0:10  Probe (Chrono Boost)  
  14  0:18  Pylon  
  14  0:22  Probe (Chrono Boost)  
  15  0:35  Probe (Chrono Boost)  
  16  0:45  Probe (Chrono Boost)  
  17  0:55  Probe (Chrono Boost)  
  18  1:02  Nexus  
  18  1:11  Gateway  
  18  1:14  Probe (Chrono Boost)  
  19  1:24  Probe (Chrono Boost)  
  20  1:27  Pylon  
  20  1:29  Assimilator  
  20  1:34  Probe (Chrono Boost)  
  21  1:44  Probe (Chrono Boost)  
  22  1:56  Probe (Chrono Boost)  
  23  2:02  Cybernetics Core  
  23  2:17  Probe (Chrono Boost)  
  23  2:18  Probe (Chrono Boost)  
  23  2:20  Zealot  
  27  2:27  Probe (Chrono Boost)  
  27  2:28  Probe (Chrono Boost)  
  29  2:37  Probe (Chrono Boost)  
  29  2:38  Probe (Chrono Boost)  
  29  2:39  Warp Gate  
  31  2:44  Pylon  
  31  2:47  Stalker (Chrono Boost)  
  33  2:54  Probe (Chrono Boost)  
  33  2:55  Probe (Chrono Boost)  
  35  3:04  Forge  
  35  3:05  Probe  
  36  3:06  Probe  
  36  3:07  Gateway  
  37  3:17  Probe  
  37  3:18  Probe  
  39  3:26  Assimilator  
  39  3:28  Assimilator  
  39  3:29  Probe (Chrono Boost)  
  39  3:30  Probe (Chrono Boost)  
  41  3:40  Probe (Chrono Boost)  
  42  3:41  Probe (Chrono Boost), Twilight Council  
  43  3:50  Probe (Chrono Boost), Photon Cannon  
  43  3:51  Probe (Chrono Boost)  
  45  4:12  Protoss Ground Weapons Level 1  
  45  4:15  Mothership Core (Chrono Boost)  
  47  4:24  Gateway  
  47  4:27  Gateway  
  47  4:29  Gateway  
  45  4:39  Photon Cannon  
  42  4:56  Adept  
  42  4:58  Adept  
  42  5:13  Blink (Chrono Boost)  
  42  5:33  Probe (Chrono Boost)  
  43  5:40  Probe (Chrono Boost)  
  44  5:44  Probe (Chrono Boost)  
  44  5:45  Stalker  
  44  5:46  Stalker x3  
  53  5:50  Probe (Chrono Boost)  
  53  5:51  Pylon  
  53  5:53  Pylon  
  53  5:55  Pylon  
  54  5:59  Probe (Chrono Boost)  
  54  6:00  Probe (Chrono Boost)  
  54  6:09  Probe (Chrono Boost)  
  55  6:12  Gateway  
  55  6:13  Gateway  
  55  6:31  Stalker x5  
  65  6:39  Robotics Facility  
  65  6:45  Probe, Assimilator  
  66  6:54  Probe  
  67  7:04  Probe  
  67  7:05  Pylon  
  67  7:07  Pylon  
  68  7:09  Adept x5, Pylon  
  68  7:11  Pylon  
  68  7:12  Pylon  
  78  7:26  Observer (Chrono Boost)  
  79  7:37  Stalker x2  
  79  7:38  Stalker x3  
  79  7:39  Stalker x2  
  93  7:47  Pylon  
  93  7:48  Warp Prism (Chrono Boost)  
  93  7:50  Pylon  
  95  7:52  Pylon  
  95  7:54  Pylon  
  95  7:56  Pylon  
  95  7:58  Pylon  
  95  8:00  Photon Cannon  
  95  8:03  Stalker x2  
  95  8:04  Stalker x2  
  103  8:06  Stalker x2  
  103  8:10  Stalker  
  109  8:34  Adept x2  
  109  8:35  Adept x5  
  123  9:04  Stalker x3  
  123  9:06  Stalker x3  
  123  9:07  Stalker  
  89  9:32  Stalker x5  
  89  9:33  Stalker  
  89  9:37  Stalker  
  75  10:01  Stalker x7  
  77  10:29  Stalker x6  
  77  10:33  Zealot  
  89  11:07  Adept x3  
  89  11:08  Adept x4  
Tags
 
Add a new tag
Caveats
  • Supply blocks, unpowered buildings, or Contaminate may cause inaccurate times.
  • Supply counts are checked every 10 seconds.